 Dungeon Crawl Stone Soup version 0.29-a0-824-gd827844252 (webtiles) character file.

Game seed: 4421445682895683212

2 coolguy69 the Cutter (level 1, 0/11 HPs)
             Began as a Vine Stalker Berserker on July 10, 2022.
             Was a Follower of Trog.
             Slain by a rat (1 damage)
             ... on level 1 of the Dungeon.
             The game lasted 00:00:11 (60 turns).

coolguy69 the Cutter (Vine Stalker Berserker)         Turns: 60, Time: 00:00:12

Health: 0/11       AC:  3    Str: 19    XL:     1   Next: 30%
Magic:  0/2        EV: 11    Int:  7    God:    Trog [*.....]
Gold:   0          SH:  0    Dex: 13    Spells: 0/0 levels left

rFire   . . .      SeeInvis .   a - +0 short sword
rCold   . . .      Faith    .   (no shield)
rNeg    . . .      Spirit   +   d - +0 leather armour {Will+}
rPois   .          Reflect  .   (no helmet)
rElec   .          Harm     .   (no cloak)
rCorr   .          Rampage  .   (no gloves)
Will    +....                   (no boots)
Stlth   +.........              (no amulet)
HPRegen 0.03/turn               (no ring)
MPRegen 0.08/turn               (no ring)

@: no status effects
A: fangs 2, magic shield, antimagic bite, no potion heal 2
a: Renounce Religion, Berserk


You were on level 1 of the Dungeon.
You worshipped Trog.
Trog was aware of your devotion.
You visited 1 branch of the dungeon, and saw 1 of its levels.

Inventory:

Hand Weapons
 a - a +0 short sword (weapon)
Armour
 b - a +0 animal skin
 d - a +0 leather armour of willpower (worn)
Scrolls
 c - a scroll of vulnerability {unknown}


   Skills:
 + Level 2.7 Fighting
 + Level 2.8 Short Blades
 + Level 1.5 Armour
 + Level 1.5 Dodging


You couldn't memorise any spells.
You didn't know any spells.
Your spell library was empty.

Dungeon Overview and Level Annotations

Branches:
Dungeon (1/15)

Altars:


Innate Abilities, Weirdness & Mutations

You have extremely sharp teeth.
When hurt, damage is shared between your health and your magic reserves.
Your bite disrupts and absorbs the magic of your enemies.
Potions cannot restore your health.


Message History

The ball python is moderately wounded.
The ball python bites you. The ball python constricts you.
You barely miss the ball python. You bite the ball python. You drain its power.
You feel invigorated.
The ball python is moderately wounded.
The ball python bites you. The ball python constricts you.
The rat closely misses you.
You closely miss the ball python.
The ball python is moderately wounded.
The ball python barely misses you. The ball python constricts you.
The rat bites you but does no damage.
You closely miss the ball python. Your bite misses the ball python.
The ball python is moderately wounded.
The ball python barely misses you. The ball python constricts you.
The rat bites you.
You are too injured to fight recklessly!
You are too injured to fight recklessly!
You are too injured to fight recklessly!
You are too injured to fight recklessly!
You are too injured to fight recklessly!
You are too injured to fight recklessly!
You are too injured to fight recklessly!
You hit the ball python.
The ball python is severely wounded.
The ball python barely misses you. The ball python constricts you.
The rat closely misses you. The ball python closely misses you.
The ball python constricts you.
You hit the ball python.
You kill the ball python!
Trog accepts your kill. The rat bites you.
* * * LOW HITPOINT WARNING * * *
The rat closely misses you.
You hit the rat but do no damage. The rat bites you.
You closely miss the rat. Your bite misses the rat. The rat bites you.
* * * LOW HITPOINT WARNING * * *
You barely miss the rat. The rat barely misses you.
You hit the rat but do no damage. Your bite misses the rat. The rat misses you.
You barely miss the rat. The rat bites you.
You die...

......... ........#
.......# ......#
#...#######
#...#.....#
#########...#...(.###
.......@r............
####.....####.....###
#.....# #....(#
#.....# #.....#
#.....# #.....#
#.....# #.....#
###############.###
#...........# #.##
##.8.⌠.8.⌠.8.###..#


You could see a rat.

Vanquished Creatures
  A ball python (D:1)
  A bat (D:1)
2 creatures vanquished.

Notes
Turn   | Place    | Note
-------+----------+-------------------------------------------
     0 | D:1      | coolguy69 the Vine Stalker Berserker began the quest for
                  | the Orb.
     0 | D:1      | Reached XP level 1. HP: 11/11 MP: 2/2
    60 | D:1      | Slain by a rat

Illustrated notes

Levels and vault maps discovered:
D:1:      mainiacjoe_arrival_reflecting_pool, layout_basic,
          shapermc_ecumenical_altar_venn

Action                   || total
-------------------------++-------
Melee: Short sword       ||    16
       Bite              ||     4
Armor: Leather armour    ||     4
Dodge: Dodged            ||    16

Table legend: (Time is in decaauts)
 A = Elapsed time spent in this place.
 B = Non-inter-level travel time spent in this place.
 C = Inter-level travel time spent in this place.
 D = Time resting spent in this place.
 E = Time spent auto-exploring this place.
 F = Levels seen in this place.
 G = Mean time per level.
                   A        B        C        D        E       F      G
               +--------+--------+--------+--------+--------+-----+--------+
         Total |     59 |     59 |      0 |      0 |     20 |   1 |   59.0 |
       Dungeon |     59 |     59 |      0 |      0 |     20 |   1 |   59.0 |
               +--------+--------+--------+--------+--------+-----+--------+

Top non-repeatable levels by time:
     D:1: 59 daAuts
